Construct Weapon Support Center
Selects Advanced Infantry Battlegroup
Selects Convert to Ranger Squad
Selects Artillery Observers
Selects Frontline Medical Station
Frontline Medical Station
Selects M2A1 105mm Howitzer Emplacement
Improved M9 Bazooka Rockets
Selects Ranger Weapon Training
M18 Hellcat Tank Destroyer
M18 Hellcat Tank Destroyer
Selects 155mm Rapid Artillery Barrage
M18 Hellcat Tank Destroyer
155mm Rapid Artillery Barrage
M18 Hellcat Tank Destroyer
M4(105) Sherman Bulldozer